 Dungeon Crawl Stone Soup version 0.28.0-43-g3370ac3207 (webtiles) character file.

Game seed: 3364937406034120114

35 Cykl0x the Digger (level 3, 0/19 HPs)
             Began as a Gargoyle Earth Elementalist on Mar 5, 2022.
             Killed from afar by Sigmund (8 damage)
             ... with a magic dart
             ... on level 2 of the Dungeon.
             The game lasted 00:02:08 (1940 turns).

Cykl0x the Digger (Gargoyle Earth Elementalist)     Turns: 1940, Time: 00:02:09

Health: 0/19       AC:  5    Str: 11    XL:     3   Next: 33%
Magic:  1/6        EV: 12    Int: 17    God:
Gold:   48         SH:  0    Dex: 10    Spells: 3/7 levels left

rFire   . . .      SeeInvis .   g - +0 short sword
rCold   . . .      Faith    .   (no shield)
rNeg    + . .      Spirit   .   b - +0 robe
rPois   ∞          Reflect  .   (no helmet)
rElec   +          Harm     .   (no cloak)
rCorr   .          Rampage  .   (no gloves)
Will    .....                   (no boots)
Stlth   ++........              (no amulet)
HPRegen 0.06/turn               (no ring)
MPRegen 0.10/turn               (no ring)

@: no status effects
A: sickness immunity, AC +3, negative energy resistance 1, electricity
resistance, torment resistance 1, petrification resistance
a: no special abilities


You were on level 2 of the Dungeon.
You visited 1 branch of the dungeon, and saw 2 of its levels.

You collected 48 gold pieces.

Inventory:

Hand Weapons
 g - a +0 short sword (weapon)
Missiles
 a - 15 stones
Armour
 b - a +0 robe (worn)
 d - a +1 leather armour
Jewellery
 e - an amulet of guardian spirit
Potions
 f - a potion of heal wounds {unknown}
 h - a potion of magic {unknown}
 j - a potion of invisibility {unknown}
 k - a potion of flight {unknown}
 l - a potion of might {unknown}


   Skills:
 + Level 1.7 Dodging
 - Level 2.1 Stealth
 + Level 2.6 Spellcasting
 * Level 1.2 Conjurations
 - Level 0.7 Transmutations
 + Level 4.2 Earth Magic


You had 3 spell levels left.
You knew the following spells:

 Your Spells              Type           Power      Damage    Failure   Level
a - Sandblast             Erth           32%        2d9       3%          1
b - Stone Arrow           Conj/Erth      22%        3d8       19%         3

Your spell library contained the following spells:

 Spells                   Type           Power      Damage    Failure   Level
 Passwall                 Tmut/Erth      8%         N/A       10%         2
 Corpse Rot               Necr/Air       4%         N/A       28%         2
 Poisonous Vapours        Pois/Air       4%         N/A       28%         2
 Petrify                  Tmut/Erth      10%        N/A       54%         4


Dungeon Overview and Level Annotations

Branches:
Dungeon (2/15)

Altars:

Annotations:
D:2 Sigmund


Innate Abilities, Weirdness & Mutations

You are immune to sickness and miasma.
Your stone body is resilient. (AC +3)
You are immune to poison.
You resist negative energy. (rN+)
You are resistant to electric shocks. (rElec)
You are resistant to unholy torment.
You are immune to petrification.


Message History

Sigmund is severely wounded.
Sigmund whispers, "You'll know eternity soon."
Sigmund gestures at you while chanting. The puff of flame hits you!
There is an open door here.
Sigmund gestures at you while chanting. The magic dart hits you.
There is an open door here.
You are too injured to fight recklessly!
You are too injured to fight recklessly!
Casting: Stone Arrow (extremely dangerous; 19% risk of failure)
Confirm with . or Enter, or press ? or * to list all spells.
Aiming: Sandblast (safe; 3% risk of failure)
Press: ? - help, Shift-Dir - straight line, f/p - Sigmund
Aim: Sigmund, wielding a +0 scythe and wearing a +0 robe (severely wounded, 77% to hit)
The blast of sand hits Sigmund but does no damage.
Sigmund is severely wounded.
Sigmund misses you.
Unknown command.
Sigmund points at you and mumbles some strange words.
You resist with significant effort.
Casting: Sandblast (safe; 3% risk of failure)
Confirm with . or Enter, or press ? or * to list all spells.
You don't have enough magic to cast this spell.
Casting: Sandblast (safe; 3% risk of failure)
Confirm with . or Enter, or press ? or * to list all spells.
Aiming: Sandblast (safe; 3% risk of failure)
Press: ? - help, Shift-Dir - straight line, f/p - Sigmund
Aim: Sigmund, wielding a +0 scythe and wearing a +0 robe (heavily wounded, 77% to hit)
The blast of sand hits Sigmund.
Sigmund is severely wounded.
A bat comes into view.
Sigmund points at you and mumbles some strange words.
You resist with significant effort.
Sigmund casts a spell.
Sigmund flickers and vanishes!
Deactivating autopickup; reactivate with Ctrl-A.
A magic dart appears from out of thin air!
The magic dart hits you!
You die...

#...####.........###........#
#..## ##.......## #.#.##.#.#
...# ##.....## #.####.#.#
#.## ##...## #.# ... # #.#
##'## #.# .#.. #.### #.# #.#
. ..# ....# #.# #.# #.#
###.########.#######. #
#......##.....@.#
###.####.#.....##.# ....#
#.##...###.#####.# ###≈#
##.#≈≈{##.......b.#
≈≈≈##...≈≈...@#.#######
#≈≈≈≈#.#≈≈≈≈####.#
#≈≈≈##'##≈≈≈# #.#
≈≈≈≈#...#≈≈≈≈....#
#≈≈≈≈#._.#≈≈≈≈.....


There were no monsters in sight!

Vanquished Creatures
  3 ball pythons
  2 endoplasms (D:1)
  A giant cockroach (D:1)
  6 goblins
  5 hobgoblins
  3 quokkas
  4 bats
  A frilled lizard (D:1)
  A kobold (D:1)
  5 rats
31 creatures vanquished.

Notes
Turn   | Place    | Note
-------+----------+-------------------------------------------
     0 | D:1      | Cykl0x the Gargoyle Earth Elementalist began the quest for
                  | the Orb.
     0 | D:1      | Reached XP level 1. HP: 10/10 MP: 3/3
   338 | D:1      | Reached XP level 2. HP: 15/15 MP: 1/5
   388 | D:1      | Reached skill level 4 in Earth Magic
   813 | D:1      | Reached skill level 1 in Conjurations
  1037 | D:2      | Reached XP level 3. HP: 19/19 MP: 3/6
  1041 | D:2      | Learned a level 3 spell: Stone Arrow
  1702 | D:2      | Found a faded altar of an unknown god.
  1905 | D:2      | Noticed Sigmund
  1940 | D:2      | Killed from afar by Sigmund

Illustrated notes

Levels and vault maps discovered:
D:1:      heliophobic_arrival_dark_side_of_the_moon, layout_rooms
D:2:      layout_loops_corners, nicolae_ecumenical_lake_church, nrook_campfire,
          uniq_sigmund

Skill      XL: |  1  2 |
---------------+-------+-----
Earth Magic    | 4 |  4.2
Conjurations   | 1 |  1.2
Dodging        | |  1.7
Stealth        | |  2.1
Spellcasting   | |  2.6
Transmutations | |  0.7

Action                   || total
-------------------------++-------
Melee: Unarmed           ||    10
       Short sword       ||    14
 Cast: Sandblast         ||    32
       Stone Arrow       ||    11
  Use: Scroll            ||     3
Armor: Robe              ||    10
Dodge: Dodged            ||    15
